 Dungeon Crawl Stone Soup version 0.28-a0-1506-g3893175d92 (webtiles) character file.

Game seed: 17622534388512655954

200 oldriver the Ducker (level 5, -5/43 HPs)
             Began as a Gnoll Gladiator on Jan 14, 2022.
             Slain by an ogre (24 damage)
             ... on level 3 of the Dungeon.
             The game lasted 00:03:04 (4259 turns).

oldriver the Ducker (Gnoll Gladiator)               Turns: 4259, Time: 00:03:04

Health: -5/43      AC:  5    Str: 15    XL:     5   Next: 79%
Magic:  7/7        EV: 14    Int:  7    God:
Gold:   189        SH:  0    Dex: 14    Spells: 7/7 levels left

rFire   . . .      SeeInvis +   j - +1 short sword (holy)
rCold   . . .      Faith    .   (no shield)
rNeg    . . .      Spirit   .   b - +0 leather armour
rPois   .          Reflect  .   c - +0 helmet
rElec   .          Harm     .   k - +0 cloak {rCorr}
rCorr   +          Rampage  .   (no gloves)
Will    .....                   (no boots)
Stlth   ++........              (no amulet)
HPRegen 0.14/turn               l - ring of see invisible
MPRegen 0.10/turn               (no ring)

@: no status effects
A: fangs 1, strong nose, distributed training
a: no special abilities


You were on level 3 of the Dungeon.
You visited 1 branch of the dungeon, and saw 4 of its levels.

You collected 189 gold pieces.

Inventory:

Hand Weapons
 j - a +1 short sword of holy wrath (weapon)
Missiles
 d - 3 throwing nets (quivered)
Armour
 b - a +0 leather armour (worn)
 c - a +0 helmet (worn)
 k - a +0 cloak of preservation (worn)
Jewellery
 h - an amulet of faith
 l - a ring of see invisible (left hand)
Scrolls
 a - a scroll of noise {unknown}
 e - a scroll of fear {unknown}
Potions
 f - 2 potions of flight {unknown}
 i - a potion of curing {unknown}


   Skills:
 + Level 4.8 Fighting
 + Level 1.6 Short Blades
 + Level 6.7 Long Blades
 + Level 1.6 Axes
 + Level 1.6 Maces & Flails
 + Level 1.6 Polearms
 + Level 1.6 Staves
 + Level 1.6 Slings
 + Level 1.6 Bows
 + Level 1.6 Crossbows
 + Level 4.8 Throwing
 + Level 1.6 Armour
 + Level 6.7 Dodging
 + Level 1.6 Stealth
 + Level 1.6 Shields
 + Level 1.6 Unarmed Combat
 + Level 1.6 Spellcasting
 + Level 1.3 Conjurations
 + Level 1.3 Hexes
 + Level 1.3 Summonings
 + Level 1.3 Necromancy
 + Level 1.3 Translocations
 + Level 1.3 Transmutations
 + Level 1.3 Fire Magic
 + Level 1.3 Ice Magic
 + Level 1.3 Air Magic
 + Level 1.3 Earth Magic
 + Level 1.3 Poison Magic
 + Level 1.8 Invocations
 + Level 1.6 Evocations


You had 7 spell levels left.
You didn't know any spells.
Your spell library contained the following spells:

 Spells                   Type           Power      Damage    Failure   Level
 Corpse Rot               Necr/Air       4%         N/A       41%         2
 Poisonous Vapours        Pois/Air       4%         N/A       41%         2
 Death Channel            Necr           1%         N/A       100%        6
 Haunt                    Necr/Summ      1%         N/A       100%        7


Dungeon Overview and Level Annotations

Branches:
Dungeon (4/15)
 Temple: D:4-7

Altars:


Innate Abilities, Weirdness & Mutations

You have very sharp teeth.
Your uncanny sense of smell can sniff out nearby items.
Your experience applies equally to all skills.


Message History

You climb downwards.
Found a silvery potion and a morningstar.
There is a stone staircase leading up here.
The kobold shouts!
The kobold hits you but does no damage.
You hit the howler monkey skeleton.
The howler monkey skeleton convulses.
The howler monkey skeleton is lightly damaged.
The kobold hits you but does no damage. The howler monkey skeleton hits you.
There is a stone staircase leading up here.
HP restored.
The ogre closely misses you.
The howler monkey skeleton hits you but does no damage.
The kobold hits you but does no damage.
You climb upwards.
There is a stone staircase leading down here.
The ogre misses you. The kobold completely misses you.
You barely miss the kobold. The kobold hits you with a +0 dagger.
You barely miss the kobold. The kobold misses you.
You barely miss the kobold. Your bite misses the kobold.
The kobold barely misses you.
You hit the kobold.
The kobold is moderately wounded.
The kobold barely misses you.
You hit the kobold.
You kill the kobold!
You aren't carrying any items that you can evoke.
Okay, then.
You barely miss the ogre. The ogre hits you with a +0 giant club!
You hit the ogre. You bite the ogre, but do no damage.
The ogre is lightly wounded.
You hit the ogre.
The ogre is moderately wounded.
The ogre misses you.
You completely miss the ogre.
The ogre is moderately wounded.
The ogre hits you with a +0 giant club!
You hit the ogre but do no damage.
The ogre is moderately wounded.
The ogre hits you with a +0 giant club!!
Ouch! That really hurt!
You die...

################ .......).......#
##############.# ##### #####
########.# #...### ....#
#......#.####...8.#
###.###......#..<...PP.[#########
..รท.............@...8...+........
)...#############O##....###.#####
##..# #........).......
#..#######################.#....
#.............<# #.#....
################ ##.#..(.
##########################......#
.................(............###
..####................####..#.###


You could see an ogre.

Vanquished Creatures
  Natasha (thrice) (D:2)
  3 gnolls
  3 adders
  An adder zombie (D:3)
  An adder skeleton (D:3)
  A worm (D:2)
  2 dart slugs
  An orc (D:3)
  7 endoplasms
  2 giant cockroaches (D:1)
  6 hobgoblins
  9 kobolds
  4 quokkas
  2 ball pythons
  5 bats
  A frilled lizard (D:1)
  4 goblins
  A jackal skeleton (D:3)
  7 rats
63 creatures vanquished.

Notes
Turn   | Place    | Note
-------+----------+-------------------------------------------
     0 | D:1      | oldriver the Gnoll Gladiator began the quest for the Orb.
     0 | D:1      | Reached XP level 1. HP: 20/20 MP: 1/1
    43 | D:1      | Reached XP level 2. HP: 26/26 MP: 2/2
   529 | D:1      | Reached XP level 3. HP: 31/31 MP: 3/3
   726 | D:1      | Found a faded altar of an unknown god.
  1072 | D:1      | Reached skill level 1 in Invocations
  1258 | D:1      | Reached skill level 1 in Short Blades
  1258 | D:1      | Reached skill level 1 in Axes
  1258 | D:1      | Reached skill level 1 in Maces & Flails
  1258 | D:1      | Reached skill level 1 in Polearms
  1258 | D:1      | Reached skill level 1 in Staves
  1258 | D:1      | Reached skill level 1 in Slings
  1258 | D:1      | Reached skill level 1 in Bows
  1258 | D:1      | Reached skill level 1 in Crossbows
  1258 | D:1      | Reached skill level 1 in Armour
  1258 | D:1      | Reached skill level 1 in Stealth
  1258 | D:1      | Reached skill level 1 in Shields
  1258 | D:1      | Reached skill level 1 in Unarmed Combat
  1258 | D:1      | Reached skill level 1 in Spellcasting
  1258 | D:1      | Reached skill level 1 in Evocations
  1258 | D:1      | Reached XP level 4. HP: 15/38 MP: 5/5
  1524 | D:2      | Noticed Natasha
  1534 | D:2      | Killed Natasha
  1858 | D:2      | Reached skill level 1 in Conjurations
  1858 | D:2      | Reached skill level 1 in Hexes
  1858 | D:2      | Reached skill level 1 in Summonings
  1858 | D:2      | Reached skill level 1 in Necromancy
  1858 | D:2      | Reached skill level 1 in Translocations
  1858 | D:2      | Reached skill level 1 in Transmutations
  1858 | D:2      | Reached skill level 1 in Fire Magic
  1858 | D:2      | Reached skill level 1 in Ice Magic
  1858 | D:2      | Reached skill level 1 in Air Magic
  1858 | D:2      | Reached skill level 1 in Earth Magic
  1858 | D:2      | Reached skill level 1 in Poison Magic
  1906 | D:2      | Noticed Natasha
  1935 | D:2      | Killed Natasha
  2108 | D:2      | Noticed Natasha
  2188 | D:2      | Killed Natasha
  2189 | D:2      | Reached XP level 5. HP: 17/43 MP: 5/7
  3354 | D:3      | Got the Volume of Venomous Black Magic
  4180 | D:4      | Noticed a phantom
  4180 | D:4      | Noticed an ogre
  4259 | D:3      | Slain by an ogre

Illustrated notes

Levels and vault maps discovered:
D:1:      minmay_arrival_pointy, layout_loops_ring,
          shapermc_ecumenical_altar_hornbeckon
D:2:      layout_rooms, uniq_natasha
D:3:      layout_basic, serial_undead, serial_undead_f, serial_undead_c,
          serial_undead_c, serial_undead_a, minivault_23
D:4:      kennysheep_big_flooded_room, layout_cave_pools,
          ebering_ghost_inner_flame, uniq_eustachio

Skill      XL: |  1  2  3  4 |
---------------+-------------+-----
Invocations    | 1 |  1.8
Short Blades   | 1 |  1.6
Axes           | 1 |  1.6
Maces & Flails | 1 |  1.6
Polearms       | 1 |  1.6
Staves         | 1 |  1.6
Slings         | 1 |  1.6
Bows           | 1 |  1.6
Crossbows      | 1 |  1.6
Armour         | 1 |  1.6
Stealth        | 1 |  1.6
Shields        | 1 |  1.6
Unarmed Combat | 1 |  1.6
Spellcasting   | 1 |  1.6
Evocations     | 1 |  1.6
Conjurations   | 1 |  1.3
Hexes          | 1 |  1.3
Summonings     | 1 |  1.3
Necromancy     | 1 |  1.3
Translocations | 1 |  1.3
Transmutations | 1 |  1.3
Fire Magic     | 1 |  1.3
Ice Magic      | 1 |  1.3
Air Magic      | 1 |  1.3
Earth Magic    | 1 |  1.3
Poison Magic   | 1 |  1.3
Fighting       | |  4.8
Long Blades    | |  6.7
Throwing       | |  4.8
Dodging        | |  6.7

Action                   |  1- 3 |  4- 6 || total
-------------------------+-------+-------++-------
Melee: Long sword        |    48 |       ||    48
       Bite              |     5 |    19 ||    24
       Punch             |     4 |     1 ||     5
       Short sword       |    22 |   162 ||   184
  Use: Scroll            |       |     2 ||     2
 Stab: Sleeping          |       |     2 ||     2
       Distracted        |       |     1 ||     1
Armor: Leather armour    |    13 |    37 ||    50
Dodge: Dodged            |    36 |   124 ||   160

Table legend: (Time is in decaauts)
 A = Elapsed time spent in this place.
 B = Non-inter-level travel time spent in this place.
 C = Inter-level travel time spent in this place.
 D = Time resting spent in this place.
 E = Time spent auto-exploring this place.
 F = Levels seen in this place.
 G = Mean time per level.
                   A        B        C        D        E       F      G
               +--------+--------+--------+--------+--------+-----+--------+
         Total |   4302 |   4181 |    121 |   1219 |   2374 |   4 | 1075.5 |
       Dungeon |   4302 |   4181 |    121 |   1219 |   2374 |   4 | 1075.5 |
               +--------+--------+--------+--------+--------+-----+--------+

Top non-repeatable levels by time:
     D:2: 1844 daAuts
     D:1: 1421 daAuts
     D:3: 1026 daAuts
     D:4: 9 daAuts
